 Dungeon Crawl Stone Soup version 0.29-a0-841-g116ddc6ace (webtiles) character file.

Game seed: 3153897777379360024

233 jimonade the Shooter (level 6, -19/48 HPs)
             Began as a Formicid Hunter on July 14, 2022.
             Demolished by an ogre
             ... wielding a +0 giant spiked club
              (23 damage)
             ... on level 4 of the Dungeon.
             The game lasted 00:07:06 (2860 turns).

jimonade the Shooter (Formicid Hunter)              Turns: 2860, Time: 00:07:06

Health: -19/48     AC:  4    Str: 16    XL:     6   Next: 25%
Magic:  6/6        EV: 12    Int: 10    God:
Gold:   154        SH:  0    Dex: 17    Spells: 5/5 levels left

rFire   . . .      SeeInvis +   a - +0 shortbow
rCold   . . .      Faith    .   (no shield)
rNeg    . . .      Spirit   .   w - +1 leather armour {rPois}
rPois   +          Reflect  .   (helmet unavailable)
rElec   .          Harm     .   (no cloak)
rCorr   +          Rampage  .   (no gloves)
Will    .....                   (no boots)
Stlth   ++........              (no amulet)
HPRegen 0.16/turn               s - ring of resist corrosion
MPRegen 0.10/turn               (no ring)

@: no status effects
A: permanent stasis, dig shafts and tunnels, antennae 3, four strong arms
a: Dig, Shaft Self


You were on level 4 of the Dungeon.
You visited 1 branch of the dungeon, and saw 4 of its levels.

You collected 154 gold pieces.

Inventory:

Hand Weapons
 a - a +0 shortbow (weapon)
 b - a +3 whip
 g - a +0 short sword
 v - a +0 spear
 x - a +0 quarterstaff
 z - a +1 whip of electrocution
Missiles
 f - 28 stones
 l - 17 poisoned darts
Armour
 c - a +0 leather armour
 m - a +0 chain mail
 w - a +1 leather armour of poison resistance (worn)
Jewellery
 s - a ring of resist corrosion (left hand)
 u - a ring of protection from fire
Scrolls
 e - a scroll of immolation
 h - a scroll of vulnerability {unknown}
 i - 3 scrolls of enchant weapon {unknown}
 j - a scroll of magic mapping {unknown}
 o - a scroll of noise {unknown}
 t - 2 scrolls of teleportation {unknown}
 y - 2 scrolls of identify {unknown}
Potions
 d - 3 potions of curing {unknown}
 k - a potion of might {unknown}
 n - a potion of resistance {unknown}
 p - a potion of mutation {unknown}
 q - 2 potions of cancellation {unknown}
 r - a potion of attraction {unknown}


   Skills:
 * Level 4.0 Fighting
 + Level 6.0 Ranged Weapons
 + Level 1.3 Armour
 + Level 2.0 Dodging
 - Level 1.2 Stealth


You had 5 spell levels left.
You didn't know any spells.
Your spell library contained the following spells:

 Spells                   Type           Power      Damage    Failure   Level
 Call Canine Familiar     Summ           0%         N/A       80%         3
 Portal Projectile        Hex/Tloc       0%         N/A       80%         3
 Leda's Liquefaction      Hex/Erth       0%         N/A       99%         4


Dungeon Overview and Level Annotations

Branches:
Dungeon (4/15)
 Temple: D:4-7

Altars:
Dithmenos

Annotations:
D:3 exclusion: downstairs


Innate Abilities, Weirdness & Mutations

You cannot be hasted, slowed, berserked, paralysed or teleported.
You can dig through walls and to a lower floor.
You have a pair of large antennae on your head. (SInv)
Your four strong arms can wield two-handed weapons with a shield.


Message History

The ogre is lightly wounded.
You shoot an arrow. The arrow completely misses the ogre.
You shoot an arrow. The arrow hits the ogre.
The ogre is lightly wounded.
You shoot an arrow.
The arrow hits the ogre but does no damage.
The ogre is lightly wounded.
You shoot an arrow. The arrow hits the ogre!
The ogre is moderately wounded.
The ogre closely misses you.
You shoot an arrow. The arrow hits the ogre.
The ogre is heavily wounded.
The ogre hits you with a +0 giant spiked club!!
You shoot an arrow. The arrow hits the ogre!
The ogre is severely wounded.
The ogre hits you with a +0 giant spiked club!!
Ouch! That really hurt!
* * * LOW HITPOINT WARNING * * *
You are too injured to fight recklessly!
You are too injured to fight recklessly!
You are too injured to fight recklessly!
Fire: a) +0 shortbow
Press: ? - help, Q - select action, (/) - cycle Shift-Dir - straight line, f/p - ogre
Aim: an ogre, wielding a +0 giant spiked club (severely wounded, 78% to hit)
You shoot an arrow. The arrow barely misses the ogre.
Fire: a) +0 shortbow
Press: ? - help, Q - select action, (/) - cycle Shift-Dir - straight line, f/p - ogre
Aim: an ogre, wielding a +0 giant spiked club (severely wounded, 78% to hit)
You shoot an arrow.
The arrow hits the ogre but does no damage.
The ogre is severely wounded.
The ogre closely misses you.
Fire: a) +0 shortbow
Press: ? - help, Q - select action, (/) - cycle Shift-Dir - straight line, f/p - ogre
Aim: an ogre, wielding a +0 giant spiked club (severely wounded, 78% to hit)
You shoot an arrow.
The arrow hits the ogre but does no damage.
The ogre is severely wounded.
The ogre hits you with a +0 giant spiked club!!
You die...

##.#.#.# #+# #.....#
#.# ###.### #.# #.#
##.## #.# ##...## #.#
#. #.....# #.#
#.$##...###########.#
#.......O@.........#
#..##################
#.


You could see an ogre.

Vanquished Creatures
  A phantom (D:3)
  An orc priest (D:3)
  An orc wizard (D:3)
  3 adders (D:3)
  A worm (D:2)
  2 dart slugs (D:1)
  3 orcs (D:3)
  6 bats
  4 endoplasms
  4 giant cockroaches
  5 goblins
  8 hobgoblins
  8 jackals (D:2)
  7 kobolds
  A quokka (D:3)
  7 ball pythons
  4 frilled lizards
  5 rats
71 creatures vanquished.

Notes
Turn   | Place    | Note
-------+----------+-------------------------------------------
     0 | D:1      | jimonade the Formicid Hunter began the quest for the Orb.
     0 | D:1      | Reached XP level 1. HP: 16/16 MP: 1/1
    59 | D:1      | Reached XP level 2. HP: 23/23 MP: 2/2
   131 | D:1      | Found a faded altar of an unknown god.
   389 | D:1      | Reached XP level 3. HP: 27/28 MP: 3/3
   935 | D:2      | Reached XP level 4. HP: 35/35 MP: 4/4
   968 | D:2      | Reached skill level 5 in Ranged Weapons
  1519 | D:3      | Reached XP level 5. HP: 23/41 MP: 5/5
  1906 | D:3      | Found a shadowy altar of Dithmenos.
  2444 | D:4      | Noticed an ogre
  2545 | D:4      | Noticed a phantom
  2571 | D:3      | Killed a phantom
  2572 | D:3      | Reached skill level 6 in Ranged Weapons
  2572 | D:3      | Reached skill level 1 in Armour
  2572 | D:3      | Reached XP level 6. HP: 19/48 MP: 6/6
  2860 | D:4      | Demolished by an ogre

Illustrated notes

Levels and vault maps discovered:
D:1:      lemuel_arrival_muddy, layout_loops_ring, serial_glass,
          glass_columns_b, glass_columns_a, shapermc_ecumenical_altar_pompeii
D:2:      layout_rooms, minmay_diced_spiral
D:3:      layout_loops_corners, amcnicky_altar_gilded
D:4:      layout_loops_corners, nicolae_hepliaklqana_monster_ancestors,
          uniq_robin, uniq_grinder

Skill      XL: |  1  2  3  4  5 |
---------------+----------------+-----
Fighting       | 3 4 |  4.0
Ranged Weapons | 5 6 |  6.0
Armour         | 1 |  1.3
Dodging        | 2 |  2.0
Stealth        | |  1.2

Action                   |  1- 3 |  4- 6 || total
-------------------------+-------+-------++-------
 Fire: Shortbow          |    96 |   139 ||   235
 Abil: Dig               |     2 |     2 ||     4
Armor: Leather armour    |     6 |    21 ||    27
Dodge: Dodged            |    16 |    46 ||    62

Table legend: (Time is in decaauts)
 A = Elapsed time spent in this place.
 B = Non-inter-level travel time spent in this place.
 C = Inter-level travel time spent in this place.
 D = Time resting spent in this place.
 E = Time spent auto-exploring this place.
 F = Levels seen in this place.
 G = Mean time per level.
                   A        B        C        D        E       F      G
               +--------+--------+--------+--------+--------+-----+--------+
         Total |   2933 |   2770 |    163 |    237 |   1891 |   4 |  733.2 |
       Dungeon |   2933 |   2770 |    163 |    237 |   1891 |   4 |  733.2 |
               +--------+--------+--------+--------+--------+-----+--------+

Top non-repeatable levels by time:
     D:3: 1325 daAuts
     D:1: 811 daAuts
     D:2: 671 daAuts
     D:4: 124 daAuts
